[Event "Titled Tuesday Blitz May 16 Early 2023"]
[White "Salinas Herrera, Pablo"]
[Black "Asavasaetakul, Chawit"]
[WhiteFideId "3407128"]
[BlackFideId "6204856"]
[WhiteElo "2546"]
[BlackElo "1919"]
[Result "1/2-1/2"]
[Round "04"]
[TimeControl "180+2"]
[Date "2023.05.16"]
[WhiteClock "0:00:04"]
[BlackClock "0:00:31"]

1. d4 d5 2. c4 c6 3. Nf3 Nf6 4. Nbd2 Bf5 5. Nh4 Bc8 6. g3 g6 7. Bg2 Bg7 8. O-O O-O 9. b3 a5 10. Bb2 a4 11. Qc2 Na6 12. Bc3 axb3 13. axb3 Be6 14. Nhf3 Re8 15. Rfe1 Bf5 16. Qb2 Ne4 17. Nxe4 Bxe4 18. Bh3 Bxf3 19. exf3 e6 20. Bf1 h5 21. Ra4 Nc7 22. Rea1 Rxa4 23. Rxa4 h4 24. Ra7 Qb8 25. Ra5 b6 26. Ra2 hxg3 27. hxg3 Qb7 28. f4 Ra8 29. Bd3 Rxa2 30. Qxa2 c5 31. Qb2 dxc4 32. bxc4 Qc6 33. Bf1 cxd4 34. Bxd4 Bxd4 35. Qxd4 Na6 36. Qd8+ Kg7 37. Qd4+ Kg8 38. Bg2 Qc7 39. g4 Nc5 40. f5 exf5 41. gxf5 gxf5 42. Bd5 Qd7 43. Qf6 Kf8 44. Qxb6 Ne6 45. Qb8+ Ke7 46. Qe5 Qa4 47. Qxf5 Qd1+ 48. Kh2 Qd2 49. Bxe6 fxe6 50. Qc5+ Kf6 51. Kg2 e5 52. Qe3 Qc2 53. Qf3+ Ke6 54. Qc6+ Kf5 55. Qd5 Qc1 56. Qf3+ Ke6 57. Qd5+ Kf5 58. Qd3+ Ke6 59. Qg6+ Kd7 60. Qe4 Ke6 61. Qd5+ Kf5 1/2-1/2


[Site "https://www.chess.com"]

[Event "Titled Tuesday Blitz May 16 Early 2023"]
[White "Mikhailovsky, Vladimir"]
[Black "Bodnaruk, Anastasia"]
[WhiteFideId "34105414"]
[BlackFideId "4181751"]
[WhiteElo "2271"]
[BlackElo "2304"]
[Result "1-0"]
[Round "04"]
[TimeControl "180+2"]
[Date "2023.05.16"]
[WhiteClock "0:00:21"]
[BlackClock "0:00:20"]

1. e4 c5 2. c3 Nf6 3. e5 Nd5 4. Nf3 Nc6 5. Bc4 Nb6 6. Bb3 c4 7. Bc2 d6 8. exd6 Qxd6 9. O-O g6 10. Na3 Bg7 11. b3 cxb3 12. axb3 e5 13. Nb5 Qd7 14. Ba3 Nb4 15. Nd6+ Qxd6 16. Bxb4 Qc7 17. Re1 Bg4 18. h3 Bxf3 19. Qxf3 f5 20. d4 e4 21. Bxe4 fxe4 22. Rxe4+ Kd8 23. Re7 Qxe7 24. Bxe7+ Kxe7 25. Re1+ Kd8 26. Qxb7 Bh6 27. Re6 Rc8 28. Qe7# 1-0


[Site "https://www.chess.com"]

[Event "Titled Tuesday Blitz May 16 Early 2023"]
[White "Visakh N R"]
[Black "Weishaeutel, Moritz"]
[WhiteFideId "25012223"]
[BlackFideId "12967300"]
[WhiteElo "2466"]
[BlackElo "2301"]
[Result "1-0"]
[Round "04"]
[TimeControl "180+2"]
[Date "2023.05.16"]
[WhiteClock "0:00:20"]
[BlackClock "0:00:03"]

1. e4 c5 2. Nf3 d6 3. d4 cxd4 4. Nxd4 Nf6 5. Nc3 a6 6. h3 e6 7. g4 Be7 8. g5 Nfd7 9. h4 b5 10. a3 Bb7 11. f4 Nc6 12. Be3 O-O 13. h5 Rc8 14. h6 g6 15. Rg1 Na5 16. Qd2 Nc4 17. Bxc4 Rxc4 18. O-O-O Nc5 19. b3 Rxc3 20. Qxc3 Nxe4 21. Qb2 d5 22. b4 e5 23. fxe5 Bxg5 24. Bxg5 Nxg5 25. e6 fxe6 26. Nf3 d4 27. Nxg5 Rf2 28. Rxd4 Qf6 29. Rd8+ Qxd8 30. Qg7# 1-0


[Site "https://www.chess.com"]

[Event "Titled Tuesday Blitz May 16 Early 2023"]
[White "Bjerre, Jonas Buhl"]
[Black "Pacan-Milej, Kosma"]
[WhiteFideId "1444948"]
[BlackFideId "21800537"]
[WhiteElo "2525"]
[BlackElo "2302"]
[Result "0-1"]
[Round "04"]
[TimeControl "180+2"]
[Date "2023.05.16"]
[WhiteClock "0:00:11"]
[BlackClock "0:00:26"]

1. e4 c6 2. d3 d5 3. Nd2 g6 4. g3 Bg7 5. Bg2 Nf6 6. Ngf3 O-O 7. O-O c5 8. exd5 Nxd5 9. Re1 Nc6 10. Nc4 Rb8 11. a4 b6 12. h4 Bb7 13. h5 Re8 14. h6 Bh8 15. Bg5 Qc7 16. c3 e5 17. Qb3 Qd7 18. Nfd2 Bf6 19. Bxf6 Nxf6 20. Ne4 Nxe4 21. dxe4 Qe6 22. Red1 Rbd8 23. Kh2 Ba6 24. Nd2 Qxb3 25. Nxb3 Bc4 26. Rxd8 Rxd8 27. Ra3 Bxb3 28. Rxb3 Na5 29. Rb5 Nc4 30. a5 Nxa5 31. b4 Nb7 32. bxc5 Nxc5 33. Rb2 Kf8 34. f3 Ke7 35. Bf1 Rd6 36. Bc4 g5 37. Kg2 Rxh6 38. Bd5 a5 39. f4 gxf4 40. gxf4 exf4 41. Kf3 Rh3+ 42. Kg4 Rg3+ 43. Kf5 Nd7 44. c4 f3 45. Rf2 a4 46. Kf4 Rh3 47. Kg4 Rh1 48. Kxf3 a3 49. Kg2 Rb1 50. Rxf7+ Kd6 51. e5+ Nxe5 52. Ra7 Rb2+ 53. Kg3 a2 54. Kf4 Nd3+ 55. Ke4 Nb4 56. Kd4 Rb1 0-1


[Site "https://www.chess.com"]

[Event "Titled Tuesday Blitz May 16 Early 2023"]
[White "Sokolovsky, Yahli"]
[Black "Isajevsky, Anton"]
[WhiteFideId "2820242"]
[BlackFideId "4142500"]
[WhiteElo "2389"]
[BlackElo "2510"]
[Result "1-0"]
[Round "04"]
[TimeControl "180+2"]
[Date "2023.05.16"]
[WhiteClock "0:00:03"]
[BlackClock "0:00:00"]

1. b3 Nf6 2. Bb2 e6 3. e3 Be7 4. Nf3 O-O 5. d4 d5 6. Bd3 b6 7. Nbd2 Bb7 8. Ne5 c5 9. O-O Nbd7 10. f4 Ne4 11. Nxe4 dxe4 12. Bb5 Nxe5 13. dxe5 Qxd1 14. Rfxd1 Rfd8 15. Bc3 Rxd1+ 16. Rxd1 Rd8 17. Rc1 f6 18. Bc4 Bd5 19. exf6 gxf6 20. Be2 Kf7 21. Rd1 Bc6 22. Rxd8 Bxd8 23. Bh5+ Ke7 24. g4 b5 25. Kf2 a5 26. h4 h6 27. Bg6 Bc7 28. g5 hxg5 29. fxg5 fxg5 30. h5 e5 31. h6 Kf6 32. h7 Kg7 33. Kg3 b4 34. Bb2 a4 35. Kg4 axb3 36. axb3 Bd5 37. Kxg5 c4 38. bxc4 Bxc4 39. Bxe4 Bd8+ 40. Kg4 Bf6 41. Kf5 b3 42. cxb3 Bxb3 43. h8=Q+ Kxh8 44. Kxf6 1-0


[Site "https://www.chess.com"]

[Event "Titled Tuesday Blitz May 16 Early 2023"]
[White "HamedWafa4"]
[Black "Sethuraman, S.P."]
[BlackFideId "5021596"]
[WhiteElo "2580"]
[BlackElo "2543"]
[Result "1-0"]
[Round "04"]
[TimeControl "180+2"]
[Date "2023.05.16"]
[WhiteClock "0:00:16"]
[BlackClock "0:00:00"]

1. e4 a6 2. d4 d6 3. Bd3 g6 4. f4 Bg7 5. Nf3 Bg4 6. Be3 c5 7. c3 cxd4 8. Bxd4 Bxd4 9. cxd4 Nc6 10. d5 Bxf3 11. gxf3 Qa5+ 12. Qd2 Qxd2+ 13. Nxd2 Nb4 14. Ke2 Nxd3 15. Kxd3 Nf6 16. Rac1 Kd8 17. Nb3 Kd7 18. Na5 Rab8 19. b4 Rhc8 20. a3 e6 21. dxe6+ fxe6 22. Ke3 d5 23. Rhd1 Ke7 24. Rxc8 Rxc8 25. Nxb7 dxe4 26. fxe4 Rc3+ 27. Rd3 Ng4+ 28. Kd2 Rc6 29. Nc5 h5 30. Rd7+ Ke8 31. Rg7 Nxh2 32. Rxg6 Kf7 33. Rh6 h4 34. f5 Nf3+ 35. Kc3 Kg7 36. Rg6+ Kh7 37. Rxe6 Rxe6 38. fxe6 h3 39. Nd3 Kg8 40. Nf2 h2 41. a4 Kf8 42. b5 axb5 43. axb5 Ne5 44. Kd4 Ng4 45. Nh1 Nf6 46. b6 1-0


[Site "https://www.chess.com"]

[Event "Titled Tuesday Blitz May 16 Early 2023"]
[White "SashaKuzhilniy"]
[Black "Suyarov, Mukhammadzokhid"]
[BlackFideId "14210495"]
[WhiteElo "2583"]
[BlackElo "2361"]
[Result "0-1"]
[Round "04"]
[TimeControl "180+2"]
[Date "2023.05.16"]
[WhiteClock "0:00:02"]
[BlackClock "0:00:11"]

1. b3 e5 2. Bb2 Nc6 3. c4 g6 4. e3 Bg7 5. d4 exd4 6. exd4 Nge7 7. Be2 O-O 8. Nf3 d5 9. h3 dxc4 10. bxc4 Nf5 11. O-O Nfxd4 12. Nxd4 Nxd4 13. Nc3 Re8 14. Bf3 c6 15. Qd3 Bf5 16. Be4 Bxe4 17. Nxe4 Nf5 18. Qxd8 Raxd8 19. Nf6+ Bxf6 20. Bxf6 Rd6 21. Bc3 Rd3 22. Rac1 Re2 23. a4 Kf8 24. a5 Ke8 25. Rfd1 Rxd1+ 26. Rxd1 Re7 27. g4 Nh6 28. Bd4 a6 29. Bc5 Re4 30. Be3 Ng8 31. Bb6 Nf6 32. Rd8+ Ke7 33. Rb8 Rxc4 34. Rxb7+ Ke6 35. Ra7 h5 36. gxh5 Nxh5 37. Be3 Ra4 38. Rxa6 Kf5 39. Rxc6 Rxa5 40. Rc5+ Rxc5 41. Bxc5 Ke4 42. Be3 Kf3 43. Kh2 Ng7 44. Kg1 Nf5 45. Bc5 Ng7 46. Bd4 Ne6 47. Be3 Nc7 48. Kf1 Nd5 49. Bd2 f5 50. Kg1 Nf6 51. Be3 Ne4 52. Kf1 f4 53. Bb6 Ng5 54. h4 Nf7 55. Bd4 Nh6 56. Bf6 Nf5 57. Kg1 Kg4 58. Be5 Nxh4 59. Kf1 Kf3 60. Bd6 Nf5 61. Be5 g5 62. Bf6 g4 63. Be5 Ne7 64. Bd6 Nd5 65. Bb8 Nb4 66. Ba7 Nd3 67. Bb6 Ke4 68. Ba7 Ne5 69. Kg2 Nf3 70. Bb8 Nd2 71. Bc7 Nb3 72. Bb8 Nd4 73. Bc7 Ne6 74. Bb8 Ng7 75. Bd6 Nf5 76. Bb8 f3+ 77. Kf1 Kd3 78. Bc7 Kd2 79. Bb8 Kd1 80. Bf4 Nd4 81. Be3 Nf5 82. Bf4 Ne7 83. Be3 Ng6 84. Bg5 Ne5 85. Bf4 Nc4 86. Bg5 Nd2+ 87. Kg1 Ne4 88. Be3 Ke2 89. Bd4 Ng5 90. Kh2 Ne4 91. Kg1 Kd3 92. Ba7 Kd2 93. Kh2 Ke1 94. Kg1 Ke2 95. Bb6 Nd6 96. Ba7 Nf5 97. Kh2 Kf1 98. Bb6 Ke2 99. Ba7 Kd3 100. Bb6 Ke4 101. Ba7 Ne7 102. Kg3 Kf5 103. Kh2 Nd5 104. Kg1 Nf4 105. Kh2 Ne2 106. Bb8 Ke4 107. Ba7 Kd3 108. Bb6 Ke4 109. Ba7 Nc3 110. Bb6 Kf5 111. Ba7 Ne4 112. Bb6 Ke5 113. Ba7 Kd5 114. Kg1 Kc6 115. Kh2 Kb5 116. Be3 Kc4 117. Ba7 Kd3 118. Bb6 Ke2 119. Kg1 Ke1 120. Ba7 Kd1 121. Bb6 Kd2 122. Ba7 Kd3 123. Bb6 Ke2 124. Ba7 g3 125. fxg3 Nxg3 126. Bb6 Nf5 127. Kh2 Ne3 0-1


[Site "https://www.chess.com"]

[Event "Titled Tuesday Blitz May 16 Early 2023"]
[White "Remizov, Yaroslav"]
[Black "Nikologorskiy, Konstantin"]
[WhiteFideId "34134015"]
[BlackFideId "24111708"]
[WhiteElo "2400"]
[BlackElo "2273"]
[Result "0-1"]
[Round "04"]
[TimeControl "180+2"]
[Date "2023.05.16"]
[WhiteClock "0:00:29"]
[BlackClock "0:00:02"]

1. Nc3 d5 2. e4 dxe4 3. Nxe4 Nf6 4. Nxf6+ exf6 5. d4 Bd6 6. Bd3 O-O 7. Ne2 c6 8. O-O Qc7 9. Ng3 Be6 10. c3 Nd7 11. Qc2 g6 12. Re1 Rfe8 13. Bd2 f5 14. a4 Nf6 15. a5 h5 16. Nf1 h4 17. h3 Nd5 18. c4 Nb4 19. Bxb4 Bxb4 20. Re2 Bxa5 21. Qa4 b6 22. b4 f4 23. bxa5 f3 24. gxf3 Qf4 25. Qxc6 Rac8 26. Qe4 Qg5+ 27. Kh2 Bxh3 28. Qxe8+ Rxe8 29. Rxe8+ Kg7 30. Kxh3 Qf4 31. Be4 f5 32. axb6 axb6 33. Ra7+ Kf6 34. Rf8+ Kg5 35. Rg7 Kh6 36. Rxg6+ Kxg6 37. Rxf5 Qc1 38. Ne3 Qh1+ 39. Kg4 h3 40. Rh5+ Kf6 41. Rxh3 Qg1+ 42. Kf4 Qg5# 0-1


[Site "https://www.chess.com"]

[Event "Titled Tuesday Blitz May 16 Early 2023"]
[White "Potkin, Vladimir"]
[Black "Zherebukh, Yaroslav"]
[WhiteFideId "4131061"]
[BlackFideId "14116804"]
[WhiteElo "2474"]
[BlackElo "2531"]
[Result "0-1"]
[Round "04"]
[TimeControl "180+2"]
[Date "2023.05.16"]
[WhiteClock "0:00:04"]
[BlackClock "0:00:04"]

1. Nf3 Nf6 2. c4 g6 3. Nc3 d5 4. cxd5 Nxd5 5. h4 Bg7 6. h5 Nxc3 7. bxc3 c5 8. g3 Nc6 9. Bg2 O-O 10. Qa4 e5 11. Ba3 e4 12. Qxe4 Re8 13. Qf4 Qd3 14. e3 Re4 15. Qg5 Bf5 16. Bf1 Qd5 17. hxg6 hxg6 18. Be2 Rg4 19. e4 Rxe4 20. Kf1 Rg4 21. Qe3 b6 22. Re1 Re4 23. Qg5 Rxe2 24. Rxe2 Qxf3 25. Qh4 Bd3 26. Qh7+ Kf8 27. Kg1 Qxe2 28. Rh4 Qf1+ 0-1


[Site "https://www.chess.com"]

[Event "Titled Tuesday Blitz May 16 Early 2023"]
[White "Ibadov, Dashgyn"]
[Black "Kilic, Eray"]
[WhiteFideId "24107514"]
[BlackFideId "44517173"]
[WhiteElo "2208"]
[BlackElo "2328"]
[Result "1-0"]
[Round "04"]
[TimeControl "180+2"]
[Date "2023.05.16"]
[WhiteClock "0:00:53"]
[BlackClock "0:00:52"]

1. e4 c5 2. Nf3 d6 3. d4 cxd4 4. Nxd4 Nf6 5. Nc3 a6 6. Bg5 e6 7. Qe2 Be7 8. h4 Qc7 9. O-O-O h6 10. Bd2 Nc6 11. Nxc6 Qxc6 12. g4 b5 13. a3 Bb7 14. Bg2 Nd7 15. g5 h5 16. f4 Rc8 17. Kb1 Nc5 18. Be3 Na4 19. Nxa4 bxa4 20. Bd4 Qc4 21. Qxc4 Rxc4 22. Bxg7 Rg8 23. Bd4 f6 24. Bf3 e5 25. Bxh5+ Kf8 26. gxf6 Bxf6 27. fxe5 dxe5 28. Rhf1 Ke7 29. Bxe5 Bxe5 30. Rf7+ Ke6 31. Rxb7 Bc7 32. Bf7+ Kxf7 33. Rd7+ Ke6 34. Rdxc7 Rg1+ 35. Ka2 Rd4 36. Rb4 Rxb4 37. axb4 Rh1 38. Rc6+ Ke5 39. Rxa6 Kxe4 40. Rxa4 Kd5 41. c3 Kc4 42. Ra5 Rxh4 43. Rc5+ Kd3 44. Kb3 Rh8 45. b5 Ke4 46. Kb4 Rb8 47. c4 Kd4 48. Rd5+ Ke4 49. Rd1 1-0


[Site "https://www.chess.com"]

[Event "Titled Tuesday Blitz May 16 Early 2023"]
[White "Al-Tarboush, Ward"]
[Black "Hambleton, Aman"]
[WhiteFideId "7601450"]
[BlackFideId "2606577"]
[WhiteElo "2265"]
[BlackElo "2511"]
[Result "0-1"]
[Round "04"]
[TimeControl "180+2"]
[Date "2023.05.16"]
[WhiteClock "0:01:29"]
[BlackClock "0:00:01"]

1. Nc3 b6 2. d4 Bb7 3. e4 e6 4. Bd3 Nf6 5. a3 d5 6. e5 Ng8 7. f4 Ne7 8. Nf3 Ba6 9. O-O Bxd3 10. Qxd3 h5 11. Nd1 c5 12. c3 c4 13. Qc2 Nbc6 14. Ne3 g6 15. Ng5 Qd7 16. Bd2 Nf5 17. b3 Nxe3 18. Bxe3 cxb3 19. Qxb3 Na5 20. Qc2 Nc4 21. Bf2 Bxa3 22. Qd3 a5 23. Bh4 Be7 24. Nf3 Bxh4 25. Nxh4 a4 26. h3 a3 27. Nf3 Kf8 28. Ng5 Kg7 29. g4 hxg4 30. hxg4 Rh4 31. Qg3 Rah8 32. f5 Kg8 33. fxe6 fxe6 34. Rf6 Rh1+ 35. Kg2 Rxa1 36. Rxg6+ Kf8 37. Qf3+ Ke8 38. Rxe6+ Qxe6 39. Nxe6 a2 40. Ng7+ Kd7 41. Qf7+ Kc6 42. Qe6+ Kc7 43. Qf7+ Kb8 44. Qf2 Rah1 0-1


[Site "https://www.chess.com"]

[Event "Titled Tuesday Blitz May 16 Early 2023"]
[White "Hajiyev, Kanan"]
[Black "Hayrapetyan, Hovik"]
[WhiteFideId "13404148"]
[BlackFideId "13302639"]
[WhiteElo "2103"]
[BlackElo "2348"]
[Result "0-1"]
[Round "04"]
[TimeControl "180+2"]
[Date "2023.05.16"]
[WhiteClock "0:00:30"]
[BlackClock "0:00:14"]

1. d4 Nf6 2. Nf3 d5 3. c4 e6 4. cxd5 exd5 5. Nc3 c6 6. Bf4 Bd6 7. Bxd6 Qxd6 8. Qc2 g6 9. e3 Bf5 10. Bd3 Bxd3 11. Qxd3 Nbd7 12. O-O O-O 13. Rab1 a5 14. Qc2 Rfe8 15. Rfc1 h6 16. a3 Kg7 17. Ne2 Ne4 18. b4 axb4 19. axb4 Nb6 20. Ne5 Nc4 21. Nxc4 dxc4 22. Qxc4 Nd2 23. Qc5 Qxc5 24. bxc5 Nxb1 25. Rxb1 Ra2 26. Nf4 Rea8 27. h4 Ra1 28. Rxa1 Rxa1+ 29. Kh2 Ra2 30. Kg3 Rd2 31. Kf3 g5 32. hxg5 hxg5 33. Nh5+ Kg6 34. g4 f5 35. Ng3 fxg4+ 36. Kg2 Rb2 37. Ne4 Kf5 38. Nd6+ Ke6 39. Kg3 b5 40. Ne4 b4 41. Nxg5+ Kd7 42. Ne4 Rc2 43. Nf6+ Ke6 44. Nxg4 b3 45. Ne5 b2 46. Nd3 b1=Q 47. Nf4+ Kd7 48. Kf3 Qh1+ 49. Kg4 Rxf2 50. Kf5 Qf3 0-1


[Site "https://www.chess.com"]

[Event "Titled Tuesday Blitz May 16 Early 2023"]
[White "Rozman, Levy"]
[Black "Domingo Nunez, Alejandro"]
[WhiteFideId "2039877"]
[BlackFideId "22245561"]
[WhiteElo "2376"]
[BlackElo "2291"]
[Result "0-1"]
[Round "04"]
[TimeControl "180+2"]
[Date "2023.05.16"]
[WhiteClock "0:00:04"]
[BlackClock "0:00:07"]

1. e4 g6 2. Bc4 Bg7 3. Qf3 e6 4. d4 Bxd4 5. Ne2 Bg7 6. Nbc3 c6 7. Bb3 d5 8. Bf4 Nd7 9. O-O-O Ne7 10. h4 h6 11. Kb1 Nc5 12. g4 Nxb3 13. axb3 e5 14. exd5 exf4 15. dxc6 Qb6 16. Nxf4 O-O 17. Nfd5 Nxd5 18. Nxd5 Qc5 19. b4 Qd6 20. Rhe1 Kh8 21. Ne7 Qxb4 22. c3 Qxg4 23. Qd5 bxc6 24. Qxc6 Bf5+ 25. Nxf5 Qxf5+ 26. Ka1 Rab8 27. Rd5 Qxf2 28. Rb1 Qf6 29. Rd6 Qf5 30. Rbd1 Rb6 31. Qd5 Rxd6 32. Qxd6 Qf6 33. Qd5 Kg8 34. h5 Qg5 35. hxg6 Qxd5 36. Rxd5 fxg6 37. Rd7 Kh7 38. Ka2 h5 39. Rd5 Rf5 40. Rd8 Kh6 41. Rg8 h4 42. Re8 Rh5 43. Re2 h3 44. Rh2 Be5 45. Rh1 h2 46. Kb3 Rg5 47. Kc4 Rg1 0-1


[Site "https://www.chess.com"]

[Event "Titled Tuesday Blitz May 16 Early 2023"]
[White "Jaskolka, Tomasz"]
[Black "Zemlyanskii, Ivan"]
[WhiteFideId "1170791"]
[BlackFideId "24249971"]
[WhiteElo "2155"]
[BlackElo "2421"]
[Result "1-0"]
[Round "04"]
[TimeControl "180+2"]
[Date "2023.05.16"]
[WhiteClock "0:00:08"]
[BlackClock "0:00:00"]

1. d4 Nc6 2. Nc3 e5 3. dxe5 Nxe5 4. Nf3 Nxf3+ 5. exf3 Nf6 6. Bd3 d5 7. Bg5 Be7 8. O-O c6 9. Bxf6 Bxf6 10. Re1+ Be7 11. Qe2 Be6 12. f4 g6 13. f5 gxf5 14. Qe5 Bf6 15. Qxf5 Qe7 16. Qf4 O-O-O 17. Bf5 Rhe8 18. Rad1 Bh8 19. Bxh7 Qc5 20. Rd3 d4 21. Ne4 Qb4 22. Red1 Rd5 23. c4 Rd7 24. c5 Red8 25. Nd6+ Rxd6 26. cxd6 Qxd6 27. Qxd6 Rxd6 28. b3 c5 29. Be4 b5 30. Rc1 c4 31. bxc4 bxc4 32. Ra3 a6 33. Bd3 Rc6 34. Ra4 1-0


[Site "https://www.chess.com"]

[Event "Titled Tuesday Blitz May 16 Early 2023"]
[White "Weetik, Vjacheslav"]
[Black "Kamalidenova, Meruert"]
[WhiteFideId "4153472"]
[BlackFideId "13712802"]
[WhiteElo "2469"]
[BlackElo "2361"]
[Result "0-1"]
[Round "04"]
[TimeControl "180+2"]
[Date "2023.05.16"]
[WhiteClock "0:00:02"]
[BlackClock "0:00:58"]

1. d4 Nf6 2. c4 e6 3. g3 c5 4. d5 exd5 5. cxd5 d6 6. Nc3 g6 7. Nf3 Bg7 8. Bg2 O-O 9. O-O Re8 10. Bf4 Ne4 11. Nxe4 Rxe4 12. Nd2 Rxf4 13. gxf4 Bxb2 14. Rb1 Bg7 15. e3 b6 16. Nc4 Ba6 17. Qa4 Bf8 18. Rfc1 Qd7 19. Qd1 Bxc4 20. Rxc4 b5 21. Rcc1 Na6 22. e4 Re8 23. a4 bxa4 24. Ra1 Nb4 25. Qxa4 Qc8 26. Ra3 Bh6 27. f5 Bxc1 28. Rf3 Bh6 29. Bh3 Qd8 30. Qxa7 Qg5+ 31. Rg3 Qc1+ 32. Bf1 Rxe4 33. Qb8+ Bf8 34. fxg6 hxg6 35. Kg2 Nc2 36. Qb5 Ne1+ 37. Kh3 Qh6# 0-1


[Site "https://www.chess.com"]

[Event "Titled Tuesday Blitz May 16 Early 2023"]
[White "Ilamparthi A R"]
[Black "Seinw1"]
[WhiteFideId "45015775"]
[WhiteElo "2348"]
[BlackElo "2569"]
[Result "1-0"]
[Round "04"]
[TimeControl "180+2"]
[Date "2023.05.16"]
[WhiteClock "0:00:22"]
[BlackClock "0:00:02"]

1. e4 e6 2. d3 d5 3. Nd2 Nf6 4. Ngf3 c5 5. g3 Nc6 6. Bg2 Be7 7. O-O O-O 8. Re1 b5 9. exd5 exd5 10. d4 c4 11. a4 b4 12. Ne5 Nxd4 13. Ndxc4 dxc4 14. Bxa8 Bf5 15. Nc6 Nxc6 16. Qxd8 Nxd8 17. Rxe7 Ne6 18. Bg2 Nd4 19. Bg5 Nxc2 20. Rd1 c3 21. bxc3 b3 22. Bxf6 gxf6 23. Rb7 Na3 24. Ra1 Nc2 25. Rb1 Rd8 26. R7xb3 Kg7 27. Rc1 a5 28. Bf3 Rd2 29. h4 h6 30. Rb5 Bg6 31. Rd1 Rxd1+ 32. Bxd1 Na3 33. Rxa5 Nc4 34. Rc5 Nd2 35. a5 Ne4 36. Rc6 Bf5 37. a6 Bd7 38. Rc7 Bc6 39. Rxc6 1-0


[Site "https://www.chess.com"]

[Event "Titled Tuesday Blitz May 16 Early 2023"]
[White "Erzhanov, Arman"]
[Black "Harsh Suresh"]
[WhiteFideId "4138821"]
[BlackFideId "45018464"]
[WhiteElo "2138"]
[BlackElo "2209"]
[Result "0-1"]
[Round "04"]
[TimeControl "180+2"]
[Date "2023.05.16"]
[WhiteClock "0:00:13"]
[BlackClock "0:00:04"]

1. e4 c6 2. d4 d5 3. exd5 cxd5 4. c4 Nf6 5. Nc3 g6 6. cxd5 Nxd5 7. Bc4 Nb6 8. Bb3 Bg7 9. Nf3 O-O 10. h3 Nc6 11. Be3 Na5 12. Bc2 Nac4 13. b3 Nxe3 14. fxe3 Be6 15. O-O Rc8 16. Ne4 Bd5 17. Nc5 Nd7 18. Nd3 Qc7 19. Rc1 Qg3 20. Nf4 Nf6 21. Qe1 Qxe1 22. Rfxe1 Bxf3 23. gxf3 Bh6 24. Nd3 Rc3 25. Kf2 Rfc8 26. Bb1 Nd5 27. f4 e6 28. Rxc3 Rxc3 29. Rc1 Bf8 30. e4 Rxc1 31. Nxc1 Nxf4 32. Kg3 Nh5+ 33. Kf3 Bg7 34. d5 exd5 35. exd5 Nf6 36. Be4 Ne8 37. Nd3 Nd6 38. Nc5 b6 39. Nd7 f5 40. Bd3 Kf7 41. Nb8 Ke8 42. Nc6 a5 43. a4 g5 44. b4 axb4 45. Nxb4 h5 46. Nc6 Kd7 47. a5 bxa5 48. Nxa5 Be5 49. Nc6 g4+ 50. hxg4 fxg4+ 51. Kg2 Bf4 52. Be2 Nf5 53. Nb4 Kd6 54. Nd3 Be3 55. Nf2 Bxf2 56. Kxf2 Kxd5 57. Bd3 Ke5 58. Be2 Kf4 59. Kg2 h4 60. Bd3 h3+ 61. Kh2 Nh4 62. Bf1 Nf3+ 63. Kh1 Ng5 64. Kh2 g3+ 65. Kg1 Kf3 66. Bg2+ Kg4 67. Bc6 Kh4 68. Bb7 Ne6 69. Bc8 Nf4 70. Ba6 h2+ 71. Kh1 Nh3 72. Kg2 Nf2 73. Kf3 h1=Q+ 74. Ke3 Qe4+ 75. Kd2 Qd4+ 76. Ke2 Qd1+ 77. Ke3 Ng4+ 78. Kf4 g2 79. Be2 Qxe2 80. Kf5 Qe5+ 81. Kg6 g1=Q 82. Kf7 Qf1+ 83. Kg8 Qff6 84. Kh7 Qg7# 0-1


[Site "https://www.chess.com"]

[Event "Titled Tuesday Blitz May 16 Early 2023"]
[White "Manukyan, Sargis V."]
[Black "Schmakel, Sam"]
[WhiteFideId "13303465"]
[BlackFideId "2039311"]
[WhiteElo "2236"]
[BlackElo "2356"]
[Result "1-0"]
[Round "04"]
[TimeControl "180+2"]
[Date "2023.05.16"]
[WhiteClock "0:00:21"]
[BlackClock "0:00:25"]

1. d4 d5 2. c4 e6 3. Nc3 Nf6 4. cxd5 exd5 5. Bg5 c6 6. e3 Be7 7. Bd3 h6 8. Bf4 O-O 9. Nge2 Re8 10. Qc2 b5 11. O-O Nbd7 12. Nxb5 Bb7 13. Nc7 c5 14. Nxe8 Qxe8 15. Bb5 a6 16. Ba4 Qd8 17. Bxd7 Nxd7 18. dxc5 Nxc5 19. Rfd1 Rc8 20. Nc3 Bf6 21. Qe2 Bxc3 22. bxc3 Ne4 23. Be5 Qe7 24. Bd4 Rc4 25. Rab1 Bc6 26. Qg4 f6 27. Rb8+ Be8 28. Qf5 Qf7 29. Rxe8+ Qxe8 30. Qxd5+ 1-0


[Site "https://www.chess.com"]

[Event "Titled Tuesday Blitz May 16 Early 2023"]
[White "Santos Ruiz, Miguel"]
[Black "Bruedigam, Martin"]
[WhiteFideId "22291482"]
[BlackFideId "24608033"]
[WhiteElo "2499"]
[BlackElo "2331"]
[Result "1-0"]
[Round "04"]
[TimeControl "180+2"]
[Date "2023.05.16"]
[WhiteClock "0:00:24"]
[BlackClock "0:00:00"]

1. e4 c6 2. d4 d5 3. exd5 cxd5 4. c3 Nc6 5. Bf4 Nf6 6. Bd3 Bg4 7. Nf3 e6 8. Nbd2 Be7 9. h3 Bh5 10. O-O O-O 11. Re1 Bg6 12. Bxg6 hxg6 13. a4 a6 14. Qe2 Qb6 15. Qd3 Rfc8 16. h4 Qd8 17. g3 Bd6 18. Bxd6 Qxd6 19. Ne5 Nd7 20. Ndf3 Ncxe5 21. Nxe5 Nxe5 22. Rxe5 f6 23. Re3 Kf7 24. Rae1 Re8 25. Qe2 Re7 26. h5 g5 27. Qd3 Rh8 28. Qe2 Qc6 29. Qg4 Rh6 30. f4 gxf4 31. gxf4 f5 32. Qg5 Qxa4 33. Rg3 Kf8 34. Re2 Qe8 35. Rh2 Qf7 36. Qh4 Qf6 37. Rg5 Ke8 38. Qe1 Kd8 39. Rhg2 Kc8 40. Qd1 Kb8 41. Qa4 Ka7 42. b4 Rc7 43. b5 Rc4 44. b6+ Kxb6 45. Qd7 Ka7 46. Rb2 1-0


[Site "https://www.chess.com"]

[Event "Titled Tuesday Blitz May 16 Early 2023"]
[White "Tasev, Dejan"]
[Black "Bryakin, Mikhail"]
[WhiteFideId "936618"]
[BlackFideId "4165314"]
[WhiteElo "2244"]
[BlackElo "2467"]
[Result "1/2-1/2"]
[Round "04"]
[TimeControl "180+2"]
[Date "2023.05.16"]
[WhiteClock "0:02:05"]
[BlackClock "0:00:50"]

1. e4 d5 2. exd5 Qxd5 3. Nc3 Qe5+ 4. Be2 Bg4 5. d4 Bxe2 6. Ngxe2 Qa5 7. b4 Qh5 8. O-O Nf6 9. Ng3 Qxd1 10. Rxd1 Nc6 11. a3 e6 12. d5 exd5 13. Bg5 Be7 14. Nf5 d4 15. Nxe7 Nxe7 16. Bxf6 gxf6 17. Rxd4 Rd8 18. Rad1 Rxd4 19. Rxd4 1/2-1/2


[Site "https://www.chess.com"]

[Event "Titled Tuesday Blitz May 16 Early 2023"]
[White "Wagner, Dennis"]
[Black "Moksh Amit Doshi"]
[WhiteFideId "24650684"]
[BlackFideId "25064967"]
[WhiteElo "2478"]
[BlackElo "2297"]
[Result "1-0"]
[Round "04"]
[TimeControl "180+2"]
[Date "2023.05.16"]
[WhiteClock "0:00:03"]
[BlackClock "0:00:20"]

1. e4 e5 2. Nf3 Nc6 3. Bb5 a6 4. Ba4 Nf6 5. O-O Be7 6. Re1 b5 7. Bb3 O-O 8. a4 b4 9. d4 d6 10. dxe5 Nxe5 11. Nxe5 dxe5 12. Nd2 Bc5 13. h3 Bb7 14. Qf3 Qe7 15. Bc4 a5 16. Bd3 Ba6 17. Nb3 Bxd3 18. cxd3 Bb6 19. Bg5 h6 20. Bxf6 Qxf6 21. Qxf6 gxf6 22. Kf1 Rfd8 23. Ke2 Rd6 24. Rac1 Rad8 25. Red1 Kg7 26. Rc4 Kg6 27. Nc5 Rd4 28. Rxd4 Rxd4 29. Nb3 Rd6 30. Rc1 f5 31. Rc4 fxe4 32. dxe4 f5 33. exf5+ Kxf5 34. Nd2 Bd4 35. b3 c5 36. Kf3 Rf6 37. Ne4 Rc6 38. g4+ Ke6 39. Ng3 Kd5 40. Nf5 Rf6 41. Ke2 h5 42. f3 hxg4 43. hxg4 Rf8 44. Ng3 Rh8 45. Nh5 e4 46. fxe4+ Kxe4 47. Rc1 Re8 48. Rf1 Kd5+ 49. Kd2 Rg8 50. Rf5+ Ke4 51. Ng3# 1-0


[Site "https://www.chess.com"]